 Dungeon Crawl Stone Soup version 0.25.1-2-g60ff931df9 (webtiles) character file.

Game seed: 11647475499589919446

3330 Drachen the Slasher (level 9, -7/74 HPs)
             Began as a Demigod Gladiator on Oct 20, 2020.
             Killed by the air
             ... invoked by Gastronok
              (14 damage)
             ... on level 8 of the Dungeon.
             The game lasted 00:15:59 (8643 turns).

Drachen the Slasher (Demigod Gladiator)             Turns: 8643, Time: 00:16:00

Health: -7/74      AC: 17    Str: 23    XL:     9   Next: 44%
Magic:  20/20      EV:  7    Int: 12    God:
Gold:   347        SH:  0    Dex: 19    Spells: 8/8 levels left

rFire    + . .     SeeInvis .   a - +1 long sword
rCold    + . .     Gourm    .   (no shield)
rNeg     . . .     Faith    .   k - +0 gold dragon scales
rPois    +         Spirit   .   (helmet restricted)
rElec    .         Reflect  .   (no cloak)
rCorr    .         Harm     .   (no gloves)
MR       .....                  (no boots)
Stlth    ..........             (no amulet)
HPRegen  0.22/turn              A - ring of magical power
MPRegen  0.17/turn              u - ring of poison resistance

@: about to teleport
A: antennae 1, iridescent scales 1, high mp 1, strong 1, MP-powered wands
a: no special abilities


You were on level 8 of the Dungeon.
You were hungry.

You visited 1 branch of the dungeon, and saw 8 of its levels.

You collected 347 gold pieces.

Inventory:

Hand Weapons
 a - a +1 long sword (weapon)
Missiles
 p - 38 poisoned darts (quivered)
Armour
 c - a +0 helmet
 k - +0 gold dragon scales (worn)
 B - a +0 chain mail
Jewellery
 j - an uncursed ring of flight
 u - a ring of poison resistance (right hand)
 A - a ring of magical power (left hand)
Wands
 q - a wand of flame (10)
Scrolls
 g - 3 scrolls of amnesia
 o - 2 scrolls of immolation
 s - a scroll of remove curse
 y - 2 scrolls of teleportation
Potions
 l - 2 potions of brilliance
 r - a potion of stabbing
Comestibles
 f - 18 rations


   Skills:
 + Level 5.0 Fighting
 + Level 7.5 Long Blades
 - Level 2.0 Throwing
 + Level 6.8 Armour
 + Level 6.8 Dodging
 - Level 1.0 Stealth


You had 8 spell levels left.
You didn't know any spells.
Your spell library was empty.

Dungeon Overview and Level Annotations

Branches:
Dungeon (8/15)             Temple (0/1) D:5
   Lair: D:8-11

Shops:
D:7 =

Annotations:
D:8 Gastronok


Innate Abilities, Weirdness & Mutations

You have an increased reservoir of magic. (+10% MP)
You have a pair of small antennae on your head.
You are partially covered in iridescent scales. (AC +2)
Your muscles are strong. (Str +2)
You expend magic power (3 MP) to strengthen your wands.


Message History

Gastronok bites you!
* * * LOW HITPOINT WARNING * * *
Okay, then.
Press: ? - help, v - describe, . - travel
Here: Gastronok, wearing a +1 hat (moderately wounded)
The floor.
Unknown command.
You feel better. Gastronok bites you.
* * * LOW HITPOINT WARNING * * *
Your magical effects are unravelling.
You feel magically purged.
You feel yourself speed up.
Your resistance to elements expires.
As you read the scroll of teleportation, it crumbles to dust.
You feel strangely unstable.
Gastronok waves his eye-stalks in wide circles.
The air twists around and strikes you!
* * * LOW HITPOINT WARNING * * *
Gastronok waves his eye-stalks in wide circles.
The air twists around and strikes you!
You die...

.. #... .. ##..#
.♣♣ # ###...# ...♣
# ##.....# ....♣
.###......# .....
..........# ...♣
.........# ♣..
#...@.♣# ♣. .
#...#..♣# ♣
...##...#♣..♣ #
#......##♣w......
# ##...#..#
....... #
#.......##♣..?...
# ......#...#
♣..... #
#.........###♣♣...
###
#.....##....###♣♣♣
####..


You could see Gastronok.

Vanquished Creatures
  A two-headed ogre (D:7)
  Pikel (D:4)
  A troll (D:8)
  A hippogriff (D:6)
  A spriggan (D:7)
  2 steam dragons (D:5)
  2 ice beasts
  A sky beast (D:6)
  2 ogres
  3 bullfrogs
  A wyvern skeleton (D:6)
  A scorpion (D:5)
  2 bullfrog zombies
  2 crimson imps
  2 hounds
  A jelly (D:7)
  A bullfrog skeleton (D:4)
  3 orc priests
  2 iguanas
  2 worker ants
  2 orc wizards (D:7)
  A hound zombie (D:7)
  2 hound skeletons
  5 gnolls
  4 adders
  3 shadow imps
  An ooze (D:1)
  A worm (D:5)
  A dart slug (D:2)
  7 leopard geckos
  16 orcs
  2 ball pythons
  4 bats (D:1)
  8 giant cockroaches
  12 hobgoblins
  7 kobolds
  2 quokkas
  6 frilled lizards
  10 goblins
  A leopard gecko skeleton (D:8)
  10 rats
137 creatures vanquished.

Vanquished Creatures (others)
  A dart slug (D:4)
  An orc (D:7)
  A fungus (D:5)
3 creatures vanquished.

Grand Total: 140 creatures vanquished

Notes
Turn   | Place    | Note
-------+----------+-------------------------------------------
     0 | D:1      | Drachen the Demigod Gladiator began the quest for the Orb.
     0 | D:1      | Reached XP level 1. HP: 17/17 MP: 3/3
   313 | D:1      | Reached XP level 2. HP: 24/24 MP: 4/4
   383 | D:1      | Reached skill level 3 in Long Blades
   671 | D:1      | Reached XP level 3. HP: 28/29 MP: 5/5
   763 | D:1      | Reached skill level 1 in Armour
   783 | D:1      | Reached skill level 1 in Stealth
  1742 | D:2      | Reached XP level 4. HP: 27/36 MP: 6/6
  2327 | D:3      | Found a shattered altar of Ashenzari.
  2330 | D:3      | Found a radiant altar of Vehumet.
  2333 | D:3      | Found a hide-covered altar of Uskayaw.
  2964 | D:3      | Reached XP level 5. HP: 11/41 MP: 7/7
  3725 | D:4      | Found a sacrificial altar of Ru.
  3976 | D:4      | Noticed a slave
  3978 | D:4      | Noticed Pikel
  3978 | D:4      | Noticed a slave
  3978 | D:4      | Noticed a slave
  3979 | D:4      | Noticed a slave
  3998 | D:4      | Killed Pikel
  3998 | D:4      | Reached skill level 4 in Long Blades
  3998 | D:4      | Reached XP level 6. HP: 27/48 MP: 8/8
  3998 | D:4      | Reached XP level 7. HP: 31/55 MP: 9/9
  4129 | D:4      | Found a shadowy altar of Dithmenos.
  4543 | D:4      | Found an ornate altar of the Wu Jian Council.
  4569 | D:5      | Entered Level 5 of the Dungeon
  4586 | D:5      | You fall into a shaft and drop 2 floors!
  4597 | D:7      | Noticed a spriggan baker
  4619 | D:7      | Reached skill level 5 in Long Blades
  4619 | D:7      | Reached skill level 5 in Dodging
  4626 | D:7      | Killed a spriggan baker
  4678 | D:7      | Reached skill level 5 in Armour
  4973 | D:7      | Found Sejeu's Jewellery Emporium.
  4977 | D:7      | Got a bronze leather armour
  4988 | D:7      | Identified the cursed +0 leather armour "Ymoeleus" {rN+
                  | Str+2 Slay-5} (You found it on level 7 of the Dungeon)
  5069 | D:7      | Gained mutation: You are partially covered in iridescent
                  | scales. (AC +2) [potion of mutation]
  5069 | D:7      | Gained mutation: You expend magic power (3 MP) to
                  | strengthen your wands. [potion of mutation]
  5069 | D:7      | Gained mutation: You have a pair of small antennae on your
                  | head. [potion of mutation]
  5069 | D:7      | Gained mutation: Your muscles are strong. (Str +2) [potion
                  | of mutation]
  5150 | D:6      | Noticed a hippogriff
  5205 | D:6      | Killed a hippogriff
  5205 | D:6      | Reached skill level 6 in Long Blades
  5205 | D:6      | Reached XP level 8. HP: 29/62 MP: 7/10
  6213 | D:5      | Found a staircase to the Ecumenical Temple.
  7628 | D:7      | Found a sparkling altar of Nemelex Xobeh.
  7790 | D:8      | Noticed a two-headed ogre
  7795 | D:7      | Reached XP level 9. HP: 71/71 MP: 11/11
  7838 | D:8      | Reached skill level 7 in Long Blades
  8259 | D:7      | Killed a two-headed ogre
  8259 | D:7      | Reached skill level 5 in Fighting
  8625 | D:8      | Noticed Gastronok
  8643 | D:8      | Killed from afar by Gastronok

Illustrated notes

Levels and vault maps discovered:
D:1:      dpeg_arrival_round_c, layout_basic, grunt_decor_one_mirror
D:2:      layout_loops_ring
D:3:      layout_loops_corners, grunt_temple_overflow_open
D:4:      layout_loops_ring, lemuel_crystal_altar, kennysheep_mini_moat,
          kennysheep_little_box, first_ration, uniq_pikel
D:5:      kennysheep_steamy, layout_rooms, minmay_temple_entry_grid
D:6:      layout_rooms, nrook_loot_triangle
D:7:      layout_rooms, lemuel_round_altar, serial_shops, shop, the_bakery
D:8:      layout_cave_pools, kennysheep_ying_yang, uniq_gastronok

Skill      XL: |  1  2  3  4  5  6  7  8  9 |
---------------+----------------------------+-----
Throwing       | 2 |  2.0
Fighting       | 2 4 5 |  5.0
Long Blades    | 3 4 6 7 |  7.5
Dodging        | 3 4 5 6 |  6.8
Armour         | 1 2 3 5 6 |  6.8
Stealth        | 1 |  1.0

Action                   |  1- 3 |  4- 6 |  7- 9 || total
-------------------------+-------+-------+-------++-------
Melee: Long sword        |   137 |    95 |   368 ||   600
Throw: Throwing net      |     1 |     4 |     1 ||     6
       Dart              |       |       |    16 ||    16
       Boomerang         |       |       |     3 ||     3
Evoke: Wand              |       |       |     1 ||     1
  Use: Scroll            |     1 |     5 |    11 ||    17
       Potion            |       |     1 |     7 ||     8
 Stab: Held in net/web   |       |     4 |       ||     4
       Sleeping          |       |       |     3 ||     3
       Invisible         |       |       |     2 ||     2
  Eat: Chunk             |     3 |     3 |    15 ||    21
       Ration            |       |     1 |       ||     1
Armor: Leather armour    |    24 |       |       ||    24
       Ring mail         |    26 |    21 |       ||    47
       Scale mail        |       |    18 |    33 ||    51
       Gold dragon scale |       |       |   267 ||   267
Dodge: Dodged            |   102 |    69 |   198 ||   369
       Rpst.: Long sword |    31 |    22 |    54 ||   107
